3L
PHILADELPHIA 1776 BC @ NEW AMSTERDAM DUTCHMEN
07/03/2027
 
TOP OF THE 1ST
Philadelphia 1776 BC batting - Pitching for New Amsterdam Dutchmen : RHP Pedro Castro
Pitching: RHP Pedro Castro
Batting: SHB Jesús Cabañe 0-0: Ball
1-0: Called Strike
1-1: Ball
2-1: Foul Ball, location: 2F
2-2: Foul Ball, location: 2F
2-2: Strikes out swinging
Batting: LHB Manoo Satyavrat 0-0: Ball
1-0: Fly out, F9 (Flyball, 9S)
Batting: LHB Héctor Torres 0-0: Foul Ball, location: 2F
0-1: Ball
1-1: Ball
2-1: Ball
3-1: Base on Balls
Batting: LHB Cliff Aldridge 0-0: Ball
1-0: Swinging Strike
1-1: Swinging Strike
1-2: Strikes out swinging
Top of the 1st over - 0 run(s), 0 hit(s), 0 error(s), 1 left on base; Philadelphia 1776 0 - New Amsterdam 0
BOTTOM OF THE 1ST
New Amsterdam Dutchmen batting - Pitching for Philadelphia 1776 BC : RHP George Frazier
Pitching: RHP George Frazier
Batting: RHB John Burton 0-0: Ball
1-0: Swinging Strike
1-1: Swinging Strike
1-2: Strikes out swinging
Batting: RHB Arturo Morales 0-0: Called Strike
0-1: Called Strike
0-2: Ball
1-2: Ball
2-2: Strikes out looking
Batting: RHB Hank Wilder 0-0: Swinging Strike
0-1: Ball
1-1: Foul Ball, location: 2F
1-2: Fly out, F8 (Flyball, 8RS)
Bottom of the 1st over - 0 run(s), 0 hit(s), 0 error(s), 0 left on base; Philadelphia 1776 0 - New Amsterdam 0
TOP OF THE 2ND
Philadelphia 1776 BC batting - Pitching for New Amsterdam Dutchmen : RHP Pedro Castro
Batting: RHB Cole Shaffer 0-0: Ball
1-0: Foul Ball, location: 2F
1-1: Fly out, F9 (Flyball, 89D)
Batting: RHB António Granados 0-0: Swinging Strike
0-1: Foul Ball, location: 2F
0-2: Ball
1-2: Ball
2-2: Foul Ball, location: 2F
2-2: Strikes out swinging
Batting: RHB Russell Jackson 0-0: Ball
1-0: SINGLE (Flyball, 89S)
Batting: RHB Fernando Rivera 0-0: Ball
1-0: Called Strike
1-1: 2-RUN HOME RUN (Flyball, 7D), Distance : 397 ft
Batting: RHB Dave Morris 0-0: Called Strike
0-1: Fly out, F7 (Flyball, 7)
Top of the 2nd over - 2 run(s), 2 hit(s), 0 error(s), 0 left on base; Philadelphia 1776 2 - New Amsterdam 0
BOTTOM OF THE 2ND
New Amsterdam Dutchmen batting - Pitching for Philadelphia 1776 BC : RHP George Frazier
Batting: LHB Eric Ward 0-0: Swinging Strike
0-1: Called Strike
0-2: Foul Ball, location: 2F
0-2: Ball
1-2: Fly out, F9 (Flyball, 89S)
Batting: RHB Alfredo Suárez 0-0: SOLO HOME RUN (Flyball, 7D), Distance : 393 ft
Batting: LHB SaQwan Hackett 0-0: Called Strike
0-1: Swinging Strike
0-2: SINGLE (Flyball, 78S)
Batting: RHB Quincy van Enk 0-0: Swinging Strike
0-1: Ball
Wild Pitch!
SaQwan Hackett to second
1-1: Foul Ball, location: 2F
1-2: Foul Ball, location: 2F
1-2: Strikes out swinging
Batting: RHB Arturo Morales 0-0: Called Strike
0-1: Ball
1-1: Ball
2-1: Swinging Strike
2-2: Ball
3-2: Fly out, F8 (Flyball, 8RXD)
Bottom of the 2nd over - 1 run(s), 2 hit(s), 0 error(s), 1 left on base; Philadelphia 1776 2 - New Amsterdam 1
TOP OF THE 3RD
Philadelphia 1776 BC batting - Pitching for New Amsterdam Dutchmen : RHP Pedro Castro
Batting: SHB Jesús Cabañe 0-0: Called Strike
0-1: Called Strike
0-2: Ball
1-2: Strikes out swinging
Batting: LHB Manoo Satyavrat 0-0: Called Strike
0-1: Fly out, F8 (Flyball, 8RD)
Batting: LHB Héctor Torres 0-0: Ball
1-0: Foul Ball, location: 2F
1-1: Ball
2-1: SOLO HOME RUN (Flyball, 89XD), Distance : 436 ft
Batting: LHB Cliff Aldridge 0-0: Ground out 6-3 (Groundball, 6)
Top of the 3rd over - 1 run(s), 1 hit(s), 0 error(s), 0 left on base; Philadelphia 1776 3 - New Amsterdam 1
BOTTOM OF THE 3RD
New Amsterdam Dutchmen batting - Pitching for Philadelphia 1776 BC : RHP George Frazier
Batting: RHB Mario Rivera 0-0: Called Strike
0-1: Ball
1-1: Ball
2-1: Foul Ball, location: 2F
2-2: Strikes out swinging
Batting: RHB John Burton 0-0: Swinging Strike
0-1: Ball
1-1: Called Strike
1-2: Foul Ball, location: 2F
1-2: Strikes out swinging
Batting: RHB Arturo Morales 0-0: Ball
1-0: Ball
2-0: Swinging Strike
2-1: Ground out 5-3 (Groundball, 56)
Bottom of the 3rd over - 0 run(s), 0 hit(s), 0 error(s), 0 left on base; Philadelphia 1776 3 - New Amsterdam 1
TOP OF THE 4TH
Philadelphia 1776 BC batting - Pitching for New Amsterdam Dutchmen : RHP Pedro Castro
Batting: RHB Cole Shaffer 0-0: Ball
1-0: Ball
2-0: Called Strike
2-1: Ground out 4-3 (Groundball, 4D)
Batting: RHB António Granados 0-0: Called Strike
0-1: Fly out, F9 (Flyball, 89D)
Batting: RHB Russell Jackson 0-0: Ball
1-0: Ball
2-0: Ball
3-0: Base on Balls
Batting: RHB Fernando Rivera 0-0: Called Strike
0-1: Ball
1-1: Ball
2-1: Swinging Strike
2-2: Strikes out swinging
Top of the 4th over - 0 run(s), 0 hit(s), 0 error(s), 1 left on base; Philadelphia 1776 3 - New Amsterdam 1
BOTTOM OF THE 4TH
New Amsterdam Dutchmen batting - Pitching for Philadelphia 1776 BC : RHP George Frazier
Batting: RHB Hank Wilder 0-0: Fly out, F8 (Line Drive, 8LM)
Batting: LHB Eric Ward 0-0: Ball
1-0: Called Strike
1-1: Foul Ball, location: 2F
1-2: Strikes out swinging
Batting: RHB Alfredo Suárez 0-0: Called Strike
0-1: Swinging Strike
0-2: Strikes out swinging
Bottom of the 4th over - 0 run(s), 0 hit(s), 0 error(s), 0 left on base; Philadelphia 1776 3 - New Amsterdam 1
TOP OF THE 5TH
Philadelphia 1776 BC batting - Pitching for New Amsterdam Dutchmen : RHP Pedro Castro
Batting: RHB Dave Morris 0-0: Ball
1-0: Ball
2-0: Ball
3-0: Base on Balls
Batting: SHB Jesús Cabañe 0-0: Ball
1-0: Bunt missed!
1-1: Sac Bunt - play at first, batter OUT! 2-4
Dave Morris to second
Batting: LHB Manoo Satyavrat 0-0: Swinging Strike
0-1: Ball
1-1: Ball
2-1: Ball
3-1: Base on Balls
Batting: LHB Héctor Torres 0-0: SINGLE (Flyball, 5D)
Dave Morris to third
Manoo Satyavrat to second
Runner from 3rd tries for Home, SAFE, no throw
Batting: LHB Cliff Aldridge 0-0: Called Strike
0-1: Ball
Manoo Satyavrat is caught stealing 3rd base
Héctor Torres to second
1-1: Ball
2-1: Ground out U3 (Groundball, 3)
Top of the 5th over - 1 run(s), 1 hit(s), 0 error(s), 1 left on base; Philadelphia 1776 4 - New Amsterdam 1
BOTTOM OF THE 5TH
New Amsterdam Dutchmen batting - Pitching for Philadelphia 1776 BC : RHP George Frazier
Batting: LHB SaQwan Hackett 0-0: Ball
1-0: Fly out, F9 (Flyball, 9S)
Batting: RHB Quincy van Enk 0-0: SINGLE (Line Drive, 78M)
Batting: RHB Arturo Morales 0-0: Called Strike
0-1: Ball
1-1: Ball
2-1: Swinging Strike
2-2: Foul Ball, location: 2F
2-2: Fly out, F9 (Flyball, 9S)
Batting: RHB Mario Rivera 0-0: Ball
1-0: Ball
2-0: Ball
3-0: Called Strike
3-1: Ground out 5-3 (Groundball, 56S)
Bottom of the 5th over - 0 run(s), 1 hit(s), 0 error(s), 1 left on base; Philadelphia 1776 4 - New Amsterdam 1
TOP OF THE 6TH
Philadelphia 1776 BC batting - Pitching for New Amsterdam Dutchmen : RHP Pedro Castro
Batting: RHB Cole Shaffer 0-0: Ball
1-0: Called Strike
1-1: Ground out 5-3 (Groundball, 56)
Batting: RHB António Granados 0-0: Called Strike
0-1: Ball
1-1: Ball
2-1: Ball
3-1: Called Strike
3-2: Base on Balls
Batting: RHB Russell Jackson 0-0: Ball
1-0: Called Strike
1-1: Foul Ball, location: 2F
1-2: Foul Ball, location: 2F
1-2: Ball
2-2: Ball
3-2: SINGLE (Line Drive, 6MD)
António Granados to second
Batting: RHB Fernando Rivera 0-0: Ball
1-0: Called Strike
1-1: Ball
2-1: SINGLE (Groundball, 6D)
António Granados to third
Russell Jackson to second
Runner from 3rd tries for Home, SAFE, no throw
Batting: RHB Dave Morris 0-0: Swinging Strike
0-1: Ball
1-1: Called Strike
1-2: Ball
2-2: Strikes out looking
Batting: SHB Jesús Cabañe 0-0: Called Strike
0-1: Swinging Strike
0-2: Foul Ball, location: 2F
0-2: Fly out, F5 (Popup, 5L)
Top of the 6th over - 1 run(s), 2 hit(s), 0 error(s), 2 left on base; Philadelphia 1776 5 - New Amsterdam 1
BOTTOM OF THE 6TH
New Amsterdam Dutchmen batting - Pitching for Philadelphia 1776 BC : RHP George Frazier
Batting: RHB John Burton 0-0: Called Strike
0-1: Called Strike
0-2: Ball
1-2: Ball
2-2: Foul Ball, location: 2F
2-2: Foul Ball, location: 2F
2-2: Strikes out swinging
Batting: RHB Arturo Morales 0-0: Foul Ball, location: 2F
0-1: Foul Ball, location: 2F
0-2: Foul Ball, location: 2F
0-2: Ball
1-2: Ball
2-2: Fly out, F7 (Flyball, 78D)
Batting: RHB Hank Wilder 0-0: Ground out 5-3 (Groundball, 56S)
Bottom of the 6th over - 0 run(s), 0 hit(s), 0 error(s), 0 left on base; Philadelphia 1776 5 - New Amsterdam 1
TOP OF THE 7TH
Philadelphia 1776 BC batting - Pitching for New Amsterdam Dutchmen : RHP Pedro Castro
Batting: LHB Manoo Satyavrat 0-0: Ball
1-0: SOLO HOME RUN (Flyball, 89XD), Distance : 425 ft
Pitching: RHP Carlos Rosales
Batting: LHB Héctor Torres 0-0: Swinging Strike
0-1: Swinging Strike
0-2: Fly out, F7 (Flyball, 7S)
Batting: LHB Cliff Aldridge 0-0: Called Strike
0-1: Called Strike
0-2: Ball
1-2: Foul Ball, location: 2F
1-2: Strikes out swinging
Batting: RHB Cole Shaffer 0-0: Called Strike
0-1: DOUBLE (Line Drive, 89D)
Batting: RHB António Granados 0-0: Foul Ball, location: 2F
0-1: Ball
1-1: Foul Ball, location: 2F
1-2: Ball
2-2: Foul Ball, location: 2F
2-2: Ground out 4-3 (Groundball, 4)
Top of the 7th over - 1 run(s), 2 hit(s), 0 error(s), 1 left on base; Philadelphia 1776 6 - New Amsterdam 1
BOTTOM OF THE 7TH
New Amsterdam Dutchmen batting - Pitching for Philadelphia 1776 BC : RHP George Frazier
Batting: LHB Eric Ward 0-0: Foul Ball, location: 2F
0-1: Ball
1-1: Ball
2-1: Ball
3-1: Foul Ball, location: 2F
3-2: DOUBLE (Line Drive, 78XD)
Pitching: RHP Pedro Rodríguez
Batting: RHB Alfredo Suárez 0-0: Ball
1-0: Ball
2-0: Called Strike
2-1: Swinging Strike
2-2: 2-RUN HOME RUN (Flyball, 7LD), Distance : 368 ft
Batting: LHB SaQwan Hackett 0-0: Fly out, F8 (Flyball, 8RXD)
Batting: RHB Quincy van Enk 0-0: Ball
1-0: Foul Ball, location: 2F
1-1: Fly out, F9 (Flyball, 9S)
Batting: RHB Arturo Morales 0-0: Ball
1-0: Called Strike
1-1: Called Strike
1-2: Strikes out swinging
Bottom of the 7th over - 2 run(s), 2 hit(s), 0 error(s), 0 left on base; Philadelphia 1776 6 - New Amsterdam 3
TOP OF THE 8TH
Philadelphia 1776 BC batting - Pitching for New Amsterdam Dutchmen : RHP Carlos Rosales
Batting: RHB Russell Jackson 0-0: Ball
1-0: Ball
2-0: Foul Ball, location: 2F
2-1: Foul Ball, location: 2F
2-2: Ball
3-2: Base on Balls
Batting: RHB Fernando Rivera 0-0: Bunt missed!
0-1: Ball
1-1: Sac Bunt - play at first, batter OUT! 1-4
Russell Jackson to second
Batting: RHB Dave Morris 0-0: Swinging Strike
0-1: Foul Ball, location: 2F
0-2: SINGLE (Groundball, 6D)
Russell Jackson to third
Runner from 3rd tries for Home, SAFE, no throw
Batting: SHB Jesús Cabañe 0-0: Ball
1-0: Ball
2-0: SINGLE (Flyball, 8LM)
Dave Morris to second
Batting: LHB Manoo Satyavrat 0-0: Swinging Strike
0-1: Ball
1-1: Ball
2-1: Ball
3-1: Base on Balls
Dave Morris to third
Jesús Cabañe to second
Batting: LHB Héctor Torres 0-0: Ball
1-0: Called Strike
1-1: Ball
2-1: Ball
3-1: Base on Balls
Dave Morris scores
Jesús Cabañe to third
Manoo Satyavrat to second
Batting: LHB Cliff Aldridge 0-0: Called Strike
0-1: Ball
Balk!
Jesús Cabañe scores
Manoo Satyavrat to third
Héctor Torres to second
1-1: Foul Ball, location: 2F
1-2: Ground out 4-3 (Groundball, 4)
Manoo Satyavrat scores
Héctor Torres to third
Pitching: RHP Glenn Butler
Batting: RHB Cole Shaffer 0-0: Ball
1-0: Foul Ball, location: 2F
1-1: Foul Ball, location: 2F
1-2: Ball
2-2: Strikes out swinging
Top of the 8th over - 4 run(s), 2 hit(s), 0 error(s), 1 left on base; Philadelphia 1776 10 - New Amsterdam 3
BOTTOM OF THE 8TH
New Amsterdam Dutchmen batting - Pitching for Philadelphia 1776 BC : RHP Pedro Rodríguez
Batting: RHB Mario Rivera 0-0: Called Strike
0-1: Ball
1-1: Ball
2-1: Ball
3-1: Called Strike
3-2: Strikes out swinging
Batting: RHB John Burton 0-0: Called Strike
0-1: Ball
1-1: Ball
2-1: Ground out 4-3 (Groundball, 4)
Batting: RHB Arturo Morales 0-0: Ball
1-0: Called Strike
1-1: Fly out, F7 (Flyball, 78S)
Bottom of the 8th over - 0 run(s), 0 hit(s), 0 error(s), 0 left on base; Philadelphia 1776 10 - New Amsterdam 3
TOP OF THE 9TH
Philadelphia 1776 BC batting - Pitching for New Amsterdam Dutchmen : RHP Glenn Butler
Pitching: LHP Frenk Norman
Batting: RHB António Granados 0-0: Ball
1-0: Swinging Strike
1-1: Ball
2-1: SINGLE (Flyball, 8LS)
Batting: RHB Russell Jackson 0-0: Ball
1-0: Swinging Strike
1-1: Foul Ball, location: 2F
1-2: Ball
2-2: Strikes out looking
Batting: RHB Fernando Rivera 0-0: Called Strike
0-1: Foul Ball, location: 2F
0-2: Ball
1-2: Fly out, F7 (Flyball, 78D)
Pinch Hitting: RHB Patrizio Vanali 0-0: Ball
1-0: Called Strike
1-1: Called Strike
1-2: Foul Ball, location: 2F
1-2: DOUBLE (Line Drive, 78D)
António Granados to third
Runner from 3rd tries for Home, SAFE, no throw
Batting: SHB Jesús Cabañe 0-0: Ball
1-0: Foul Ball, location: 2F
1-1: Called Strike
1-2: Strikes out looking
Top of the 9th over - 1 run(s), 2 hit(s), 0 error(s), 1 left on base; Philadelphia 1776 11 - New Amsterdam 3
BOTTOM OF THE 9TH
New Amsterdam Dutchmen batting - Pitching for Philadelphia 1776 BC : RHP Pedro Rodríguez
Now in LF: Keith MacKey
Batting: RHB Hank Wilder 0-0: SOLO HOME RUN (Flyball, 7LD), Distance : 350 ft
Batting: LHB Eric Ward 0-0: Called Strike
0-1: Called Strike
0-2: Strikes out looking
Batting: RHB Alfredo Suárez 0-0: Called Strike
0-1: Ball
1-1: Ball
2-1: Ball
3-1: Base on Balls
Batting: LHB SaQwan Hackett 0-0: Ball
1-0: Ball
2-0: Foul Ball, location: 2F
2-1: Fly out, F7 (Flyball, 78S)
Batting: RHB Quincy van Enk 0-0: Foul Ball, location: 2F
0-1: Ball
1-1: Swinging Strike
1-2: Strikes out swinging
Bottom of the 9th over - 1 run(s), 1 hit(s), 0 error(s), 1 left on base; Philadelphia 1776 11 - New Amsterdam 4
Saturday, May 26th, 2018 - OOTP Baseball 17.12 Build 75